 Dungeon Crawl Stone Soup version 0.27-a0-54-g64bdb92e38 (webtiles) character file.

Game seed: 6005304197191103517

164 Borgoz the Ruffian (level 5, 0/46 HPs)
             Began as a Ghoul Monk on Jan 7, 2021.
             Slain by a phantom (7 damage)
             ... on level 3 of the Dungeon.
             The game lasted 00:02:13 (2801 turns).

Borgoz the Ruffian (Ghoul Monk)                     Turns: 2801, Time: 00:02:14

Health: 0/46       AC:  2    Str: 16    XL:     5   Next: 45%
Magic:  4/4        EV: 13    Int:  5    God:
Gold:   162        SH:  0    Dex: 11    Spells: 4/4 levels left

rFire    . . .     SeeInvis .     - Unarmed
rCold    + . .     Faith    .   (no shield)
rNeg     + + +     Spirit   .   a - +0 robe
rPois    ∞         Reflect  .   (no helmet)
rElec    .         Harm     .   (no cloak)
rCorr    .         Rampage  .   (no gloves)
Will     .....                  (no boots)
Stlth    ++........             (no amulet)
HPRegen  0.00/turn              (no ring)
MPRegen  0.09/turn              (no ring)

@: no status effects
A: claws 1, cold resistance 1, negative energy resistance 3, inhibited
regeneration, torment resistance, unbreathing
a: no special abilities


You were on level 3 of the Dungeon.
You visited 1 branch of the dungeon, and saw 3 of its levels.

You collected 162 gold pieces.

Inventory:

Armour
 a - a +0 robe (worn)
Scrolls
 c - a scroll of immolation {unknown}
 f - a scroll of enchant weapon {unknown}
 g - 2 scrolls of identify {unknown}
 h - a scroll of remove curse {unknown}
 j - a scroll of teleportation {unknown}
 k - a scroll of noise {unknown}
 l - 2 scrolls of fear {unknown}
 m - a scroll of enchant armour {unknown}
Potions
 b - a potion of ambrosia {unknown}
 d - a potion of magic {unknown}
 e - 2 potions of heal wounds
 i - a potion of lignification {unknown}


   Skills:
 + Level 4.1 Fighting
 + Level 1.8 Armour
 + Level 3.4 Dodging
 + Level 3.3 Stealth
 + Level 4.1 Unarmed Combat


You had 4 spell levels left.
You didn't know any spells.
Your spell library was empty.

Dungeon Overview and Level Annotations

Branches:
Dungeon (3/15)

Altars:


Innate Abilities, Weirdness & Mutations

You thrive by killing the living.
You are immune to poison.
You have sharp fingernails.
Your flesh is cold resistant. (rC+)
You are immune to negative energy. (rN+++)
You do not regenerate when monsters are visible.
You are immune to unholy pain and torment.
You can survive without breathing.


Message History

The phantom is severely damaged.
The phantom hits you.
* * * LOW HITPOINT WARNING * * *
You closely miss the phantom.
The phantom is severely damaged.
The phantom barely misses you.
You closely miss the phantom.
The phantom is severely damaged.
The phantom closely misses you.
You scratch the phantom.
The phantom is severely damaged.
The phantom blinks!
You closely miss the phantom.
The phantom is severely damaged.
The phantom hits you.
* * * LOW HITPOINT WARNING * * *
You completely miss the phantom.
The phantom is severely damaged.
The phantom hits you!
You die...

#.......###.##....
#.................... ##
##..........##.... #.
..#...........##... #.
#....#.#..$.......# #.
#.#.........####..## #.
#.#..#..##.###.....#######.
#...?....W)....###...#.....
#.........@§...............
#####..............######....
...................######....
....#...................#....
...................####......
.##...<.÷..........#####†...
##..).)........#.##.......
##................†)..#..
......................).....


You could see a phantom.

Vanquished Creatures
  A hound (D:2)
  Terence (D:2)
  4 adders
  2 worms (D:2)
  A dart slug (D:2)
  4 leopard geckos
  2 orcs (D:3)
  8 bats
  5 giant cockroaches
  8 goblins
  7 hobgoblins
  2 jackals (D:2)
  A quokka (D:3)
  2 frilled lizards (D:2)
  5 kobolds
  6 rats
59 creatures vanquished.

Notes
Turn   | Place    | Note
-------+----------+-------------------------------------------
     0 | D:1      | Borgoz the Ghoul Monk began the quest for the Orb.
     0 | D:1      | Reached XP level 1. HP: 19/19 MP: 0/0
   191 | D:1      | Reached XP level 2. HP: 18/26 MP: 1/1
   923 | D:2      | Found a faded altar of an unknown god.
   957 | D:2      | Noticed Terence
   991 | D:2      | Killed Terence
   992 | D:2      | Reached skill level 1 in Armour
   992 | D:2      | Reached XP level 3. HP: 13/33 MP: 2/2
  1457 | D:2      | Reached XP level 4. HP: 27/40 MP: 3/3
  2305 | D:2      | Reached XP level 5. HP: 46/46 MP: 4/4
  2706 | D:3      | Noticed a phantom
  2801 | D:3      | Slain by a phantom

Illustrated notes

Levels and vault maps discovered:
D:1:      lightli_arrival_maybe_door_vault, layout_loops_cross,
          dk_noncrumbling_4, moated_statue, chequers_jeans, item_on_display_a
D:2:      minmay_wonky_spiral, layout_loops_corners,
          chequers_ecumenical_altar_island, uniq_terence
D:3:      layout_rooms, overflow_temple_1_default,
          nicolae_overflow_hidden_temple

Skill      XL: |  1  2  3  4 |
---------------+-------------+-----
Armour         | 1 |  1.8
Dodging        | 3 |  3.4
Stealth        | 3 |  3.3
Unarmed Combat | 4 |  4.1
Fighting       | 4 |  4.1

Action                   |  1- 3 |  4- 6 || total
-------------------------+-------+-------++-------
Melee: Unarmed           |   116 |   162 ||   278
       Punch             |     1 |       ||     1
  Use: Potion            |       |     1 ||     1
 Stab: Sleeping          |     4 |     5 ||     9
Armor: Robe              |    18 |    13 ||    31
Dodge: Dodged            |    77 |    99 ||   176

Table legend: (Time is in decaauts)
 A = Elapsed time spent in this place.
 B = Non-inter-level travel time spent in this place.
 C = Inter-level travel time spent in this place.
 D = Time resting spent in this place.
 E = Time spent auto-exploring this place.
 F = Levels seen in this place.
 G = Mean time per level.
                   A        B        C        D        E       F      G
               +--------+--------+--------+--------+--------+-----+--------+
         Total |   2785 |   2754 |     31 |    595 |   1669 |   3 |  928.3 |
       Dungeon |   2785 |   2754 |     31 |    595 |   1669 |   3 |  928.3 |
               +--------+--------+--------+--------+--------+-----+--------+

Top non-repeatable levels by time:
     D:2: 1563 daAuts
     D:1: 883 daAuts
     D:3: 337 daAuts
